 Dungeon Crawl Stone Soup version 0.26-a0-520-g952f204493 (webtiles) character file.

Game seed: 9768762505048538697

162 Eifo4Ohj9gu9Dob0ohLe the Cudgeler (level 5, -3/46 HPs)
             Began as a Draconian Berserker on Aug 12, 2020.
             Was a Believer of Trog.
             Slain by an orc wizard
             ... wielding a +0 spear
              (5 damage)
             ... on level 3 of the Dungeon.
             The game lasted 00:13:54 (1292 turns).

Eifo4Ohj9gu9Dob0ohLe the Cudgeler (DrBe)            Turns: 1292, Time: 00:13:55

Health: -3/46      AC:  5    Str: 18 (20) XL:     5   Next: 19%
Magic:  5/5        EV: 13    Int:  7      God:    Trog [**....]
Gold:   101        SH:  0    Dex: 10 (11) Spells: 4/4 levels left

rFire    . . .     SeeInvis .   a - +0 mace
rCold    . . .     Faith    .   (no shield)
rNeg     . . .     Spirit   .   (armour unavailable)
rPois    .         Reflect  .   (helmet restricted)
rElec    .         Harm     .   (no cloak)
rCorr    .                      (no gloves)
MR       .....                  (no boots)
Stlth    +.........             (no amulet)
HPRegen  0.15/turn              (no ring)
MPRegen  0.09/turn              (no ring)

@: confused
A: unfitting armour, cold-blooded, AC +5
a: Berserk, Trog's Hand, Renounce Religion


You were on level 3 of the Dungeon.
You worshipped Trog.
Trog was pleased with you.
You visited 1 branch of the dungeon, and saw 3 of its levels.

You collected 101 gold pieces.

Inventory:

Hand Weapons
 a - a +0 mace (weapon)
 e - a +0 short sword
 i - a +0 mace
 j - a +0 hunting sling
 n - a +0 whip
Missiles
 h - 31 sling bullets
Armour
 f - a +0 leather armour of fire resistance
 k - a +0 tower shield of cold resistance
 q - a +0 leather armour
 r - a +0 scale mail
Scrolls
 b - a scroll of enchant armour {unknown}
 c - a scroll of fog
 d - a scroll of magic mapping {unknown}
 g - 3 scrolls of teleportation
 o - 2 scrolls of identify
Potions
 l - a potion of brilliance
 m - 2 potions of curing


   Skills:
 + Level 4.1 Fighting
 + Level 4.8 Maces & Flails
 + Level 3.5 Dodging
 + Level 0.6 Stealth


You had 4 spell levels left.
You didn't know any spells.
Your spell library was empty.

Dungeon Overview and Level Annotations

Branches:
Dungeon (3/15)

Altars:


Innate Abilities, Weirdness & Mutations

Your plain brown scales are hard. (AC +5)
You cannot fit into any form of body armour.
You are cold-blooded and may be slowed by cold attacks.


Message History

* * * LOW HITPOINT WARNING * * *
The orc wizard hits you but does no damage.
The orc wizard casts a spell.
The orc wizard blinks!
Items here: $ ) [ †.
You miss the orc wizard. The orc wizard casts a spell at you.
The puff of flame misses you.
You bump into the rock wall.
The orc wizard gestures wildly while chanting.
The orc wizard blinks!
The orc wizard mumbles some strange words.
The orc wizard flickers and vanishes!
Deactivating autopickup; reactivate with Ctrl-A.
You're too confused to move!
Something hits you.
* * * LOW HITPOINT WARNING * * *
You closely miss something. You tail-slap something.
Something hits you but does no damage.
The orc wizard hits you from afar with a +0 spear.
You die...

### ## #.. .# #.#
.## ### #.#
#####..##
##.###.###..@{o..#
##..........###..##
#.....#.##### ..#
#####...##.# ..#
).).....##.. ..#
######.###### #.#
#.# .# #+# ..


You could see an orc wizard (fast).

Vanquished Creatures
  2 orc wizards (D:3)
  4 adders
  A worm (D:2)
  2 dart slugs
  2 leopard geckos (D:1)
  6 orcs (D:3)
  5 goblins
  7 hobgoblins
  4 jackals (D:1)
  A quokka (D:3)
  2 ball pythons (D:1)
  6 bats
  5 frilled lizards
  9 kobolds
  3 rats
59 creatures vanquished.

Notes
Turn   | Place    | Note
-------+----------+-------------------------------------------
     0 | D:1      | Eifo4Ohj9gu9Dob0ohLe the Draconian Berserker began the
                  | quest for the Orb.
     0 | D:1      | Reached XP level 1. HP: 19/19 MP: 1/1
    88 | D:1      | Reached XP level 2. HP: 18/26 MP: 2/2
   360 | D:1      | Reached ** piety under Trog
   367 | D:1      | Reached XP level 3. HP: 26/31 MP: 3/3
  1056 | D:3      | Reached XP level 4. HP: 27/40 MP: 4/4
  1249 | D:3      | Reached XP level 5. HP: 13/46 MP: 5/5
  1291 | D:3      | HP: 2/46 [something (3)]
  1292 | D:3      | Slain by an orc wizard

Illustrated notes

Levels and vault maps discovered:
D:1:      dpeg_arrival_renting, layout_rooms
D:2:      layout_rooms
D:3:      layout_loops_corners, serial_undead, serial_undead_c, serial_undead_e,
          serial_undead_b, serial_undead_f

Skill      XL: |  1  2  3  4 |
---------------+-------------+-----
Dodging        | 3 |  3.5
Maces & Flails | 4 |  4.8
Fighting       | 4 |  4.1
Stealth        | |  0.6

Action                   |  1- 3 |  4- 6 || total
-------------------------+-------+-------++-------
Melee: Mace              |   122 |    64 ||   186
       Tailslap          |    16 |     9 ||    25
  Use: Scroll            |     3 |     1 ||     4
       Potion            |     5 |       ||     5
Armor: Skin              |    58 |    20 ||    78
Dodge: Dodged            |   133 |    39 ||   172

Table legend: (Time is in decaauts)
 A = Elapsed time spent in this place.
 B = Non-inter-level travel time spent in this place.
 C = Inter-level travel time spent in this place.
 D = Time resting spent in this place.
 E = Time spent auto-exploring this place.
 F = Levels seen in this place.
 G = Mean time per level.
                   A        B        C        D        E       F      G
               +--------+--------+--------+--------+--------+-----+--------+
         Total |   1329 |   1238 |     91 |      0 |      0 |   3 |  443.0 |
       Dungeon |   1329 |   1238 |     91 |      0 |      0 |   3 |  443.0 |
               +--------+--------+--------+--------+--------+-----+--------+

Top non-repeatable levels by time:
     D:1: 525 daAuts
     D:3: 462 daAuts
     D:2: 341 daAuts
